[Event "Early-Titled-Tuesday-Blitz-May-07-2024"]
[Site "Chess.com"]
[Date "2024.05.07"]
[Round "10"]
[White "Silent-Killer100"]
[Black "djokovic74"]
[Result "0-1"]
[WhiteElo "2549"]
[BlackElo "2789"]
[TimeControl "180+1"]
[EndTime "10:02:59 PDT"]
[Termination "djokovic74 won on time"]

1. e4 e6 2. d4 d5 3. Nd2 Nf6 4. e5 Nfd7 5. Bd3 c5 6. c3 Nc6 7. Ne2 cxd4 8. cxd4 f6 9. exf6 Nxf6 10. Nf3 Bd6 11.
O-O Qc7 12. g3 O-O 13. Bf4 Ne4 14. Bxe4 dxe4 15. Ng5 Bxf4 16. Nxf4 Rxf4 17. gxf4 h6 18. Nxe4 Qxf4 19. Re1 b6 20. Rc1 Bb7 21. Rc3 Rd8 22. Qf3 Qh4 23. Qg3 Qe7 24. Nd2 Nxd4 25. f4 Nf5 26. Qf2 Qf6 27. Nf1 Bd5 28. Ng3 Nh4 29. a3 Rf8 30. Rf1 Qg6 31. Re3 Ng2 32. f5 Qg5 33.
Re5 Nh4 34. Qe2 Nxf5 35. Rf2 Rc8 0-1

[Event "Early-Titled-Tuesday-Blitz-May-07-2024"]
[Site "Chess.com"]
[Date "2024.05.07"]
[Round "10"]
[White "DeArron_Fox"]
[Black "DenisQ"]
[Result "0-1"]
[WhiteElo "2539"]
[BlackElo "2722"]
[TimeControl "180+1"]
[EndTime "10:03:00 PDT"]
[Termination "DenisQ won by resignation"]

1. d4 d5 2. c4 c6 3. Nc3 Nf6 4. e3 e6 5. Nf3 Nbd7 6. Qc2 Bd6 7.
Bd3 O-O 8. O-O Qe7 9. e4 dxc4 10.
Bxc4 e5 11. h3 b5 12. Bd3 Bb7 13. Be3 a6 14. dxe5 Nxe5 15. Nxe5 Bxe5 16. f4 Bxc3 17. bxc3 c5 18. e5 g6 19. Rae1 Nd5 20. Bc1 c4 21.
Be4 Rad8 22. f5 Qxe5 23. fxg6 hxg6 24. Bh6 Qc7 25. Bxg6 Qb6+ 26. Kh2 Qxg6 27. Qxg6+ fxg6 28. Bxf8 Rxf8 29. Rxf8+ Kxf8 30. Rf1+ Ke7 31. Rf3 a5 32. Rg3 Kf6 33. Rf3+ Ke5 34. Rf7 Bc6 35. Ra7 Nxc3 36.
Rxa5 Nd5 37. a4 b4 38. Rc5 Bxa4 39. Rxc4 Bb5 40. Rc5 Bd3 41. Rc8 b3 42. Rb8 Bc2 43. g4 Kd4 44. h4 Kc3 45. Rxb3+ Kxb3 46. Kg3 Kc4 47. h5 g5 48. Kf3 Nf6 49. h6 Kd5 0-1

[Event "Early-Titled-Tuesday-Blitz-May-07-2024"]
[Site "Chess.com"]
[Date "2024.05.07"]
[Round "10"]
[White "imdvb6307"]
[Black "HouseOfDurin"]
[Result "1-0"]
[WhiteElo "2511"]
[BlackElo "2246"]
[TimeControl "180+1"]
[EndTime "10:03:00 PDT"]
[Termination "imdvb6307 won by resignation"]

1. d4 Nf6 2. Nf3 c5 3. e3 b6 4. c4 cxd4 5. exd4 Bb7 6. d5 d6 7. Nd4 g6 8. Be2 Bg7 9. Nc3 O-O 10. O-O Re8 11. Bf4 e5 12. dxe6 fxe6 13. Bf3 d5 14. Re1 Ne4 15. Nxe4 dxe4 16. Bxe4 Bxe4 17. Rxe4 e5 18.
Qe2 Nd7 19. Nc6 Qf6 20. Nxe5 Nxe5 21. Re1 Rad8 22. h3 Qf7 23. Bxe5 Bxe5 24. Rxe5 Rxe5 25. Qxe5 Qxc4 26. Re3 Qxa2 27. Rc3 Qd5 28. Qf6 Qd6 29. Qf3 Qd1+ 30. Qxd1 Rxd1+ 31. Kh2 Rd7 32. Kg3 Kf7 33. f4 Rb7 34. Rc6 a5 35. Kg4 b5 36. Ra6 a4 37. h4 h6 38. h5 gxh5+ 39. Kxh5 Kg7 40. Rg6+ Kf7 41. Rxh6 b4 42. Rh7+ Ke6 43. Rxb7 Kd5 44. Rxb4 1-0

[Event "Early-Titled-Tuesday-Blitz-May-07-2024"]
[Site "Chess.com"]
[Date "2024.05.07"]
[Round "10"]
[White "MatthewG-p4p"]
[Black "GlavkonVVS"]
[Result "0-1"]
[WhiteElo "2858"]
[BlackElo "2689"]
[TimeControl "180+1"]
[EndTime "10:03:02 PDT"]
[Termination "GlavkonVVS won by resignation"]

1. f4 Nf6 2. Nf3 c5 3. g3 Nc6 4.
Bg2 g6 5. O-O Bg7 6. d3 O-O 7.
e4 d6 8. Nc3 Rb8 9. a4 a6 10.
h3 b5 11. axb5 axb5 12. g4 b4 13. Ne2 c4 14. Ng3 b3 15. dxc4 bxc2 16. Qxc2 Nb4 17.
Qe2 Bb7 18. g5 Nd7 19. h4 Nc5 20. h5 Ncd3 21. f5 Qc8 22. Be3 Qxc4 23. f6 exf6 24. gxf6 Bxf6 25. Nd2 Qe6 26. Ra7 Bxb2 27. Nf3 Qg4 28. Kh2 Bxe4 29. Nxe4 Qxe4 30. Qd2 Nd5 31. Bg5 Bc3 32. Qa2 Rb2 33. Qa4 Qe2 34. Qg4 Ne5 35.
Nxe5 Bxe5+ 36. Kh3 Qxg4+ 37. Kxg4 Rxg2+ 38. Kh4 h6 39. Bxh6 Rh2+ 40. Kg4 f5+ 41. Kg5 Rxh5+ 42.
Kxg6 Rxh6+ 43. Kxh6 Rf6+ 44. Kg5 f4 45. Rf3 Rf7 46.
Ra8+ Kg7 47. Kg4 Kf6 48. Rb3 Ke6 49. Kf3 Rg7 50. Kf2 Rg3 51. Ke2 Rxb3 0-1

[Event "Early-Titled-Tuesday-Blitz-May-07-2024"]
[Site "Chess.com"]
[Date "2024.05.07"]
[Round "10"]
[White "GeorgiosSouleidis"]
[Black "zajka-molotok"]
[Result "0-1"]
[WhiteElo "2687"]
[BlackElo "2558"]
[TimeControl "180+1"]
[EndTime "10:03:04 PDT"]
[Termination "zajka-molotok won on time"]

1. e4 g6 2. d4 Bg7 3. Nc3 d6 4. Nf3 a6 5. Be2 b5 6. O-O Bb7 7. Re1 Nd7 8. a4 b4 9. Na2 Bxe4 10. Nxb4 Ngf6 11. a5 O-O 12. d5 Bxf3 13. Bxf3 Ne5 14.
Be2 Qb8 15. c3 Qb7 16. f4 Ned7 17. Bf3 Nc5 18. Rxe7 Rae8 19. Rxe8 Rxe8 20. Bd2 h5 21. Qf1 Nce4 22. Be1 Nxd5 23. Qxa6 Qxa6 24. Nxa6 f5 25. c4 Bd4+ 26. Kh1 Nxf4 27. Nxc7 Rc8 28. Bxe4 fxe4 29.
Nb5 Bxb2 30. Rb1 Rxc4 31. Nxd6 Rc2 32. a6 Bd4 33. g3 Nd3 34. Ba5 Ra2 35. Bb6 Nf2+ 36.
Kg2 Ng4+ 37. Kf1 Rf2+ 38. Ke1 Bc3+ 39. Kd1 Rd2+ 40. Kc1 e3 41. a7 Nf2 42. a8=Q+ Kh7 0-1

[Event "Early-Titled-Tuesday-Blitz-May-07-2024"]
[Site "Chess.com"]
[Date "2024.05.07"]
[Round "10"]
[White "Mrlammy"]
[Black "Ryukchess81"]
[Result "1-0"]
[WhiteElo "2602"]
[BlackElo "2423"]
[TimeControl "180+1"]
[EndTime "10:03:04 PDT"]
[Termination "Mrlammy won on time"]

1. d4 d5 2. c4 e6 3. Nf3 Nf6 4. Nc3 Be7 5. Bf4 O-O 6. e3 a6 7. c5 Ne4 8. Nxe4 dxe4 9. Nd2 f5 10. Bc4 Kh8 11. Qb3 g5 12. Be5+ Bf6 13. Bxe6 Bxe5 14. Bxc8 Qxc8 15. dxe5 Nc6 16. Qc3 Qe6 17. Nc4 Rfd8 18.
b3 Rd3 19. Qb2 Rad8 20. O-O Kg8 21. Rac1 R8d5 22. f4 gxf4 23. exf4 Rxc5 24. Qf2 Rcd5 25. Ne3 Rd7 26. Kh1 Rd2 27. Qg3+ Rg7 28. Qh3 Nd4 29.
Rc4 Rf7 30. Rxd4 Rxd4 31. Rc1 c6 32. Qg3+ Kf8 33. Nc4 Qd5 34. h3 Rd1+ 35. Rxd1 Qxd1+ 36. Kh2 Rg7 37. Qh4 e3 38. Nd6 Rf7 39. Qd8+ Kg7 40. Qg5+ Kf8 41. Qd8+ Kg7 42. Ne8+ Kf8 43. Qxd1 Kxe8 44.
Qe2 1-0

[Event "Early-Titled-Tuesday-Blitz-May-07-2024"]
[Site "Chess.com"]
[Date "2024.05.07"]
[Round "10"]
[White "Witik"]
[Black "DvaHrasta"]
[Result "1-0"]
[WhiteElo "2823"]
[BlackElo "2458"]
[TimeControl "180+1"]
[EndTime "10:03:04 PDT"]
[Termination "Witik won by checkmate"]

1. d4 Nf6 2. Nf3 e6 3. Bf4 d5 4. e3 Bd6 5. Nbd2 O-O 6. Bd3 b6 7. Qe2 a5 8. Bxd6 cxd6 9. e4 Ba6 10. e5 Bxd3 11. cxd3 Nfd7 12. Rc1 Na6 13. O-O Rc8 14. exd6 Nf6 15. Rxc8 Qxc8 16. Ne5 Rd8 17. Ndf3 h6 18. Qd2 Rxd6 19. Rc1 Qb7 20. a3 Rd8 21. h4 Rc8 22.
Re1 Qc7 23. Qf4 Nh5 24. Qe3 f5 25. g3 Nb8 26. Ng6 Re8 27. Rc1 Qd7 28. Nfe5 Qb5 29. Qe2 Nf6 30. Rc7 Na6 31. Ra7 Nb8 32. Ne7+ Kh7 33.
Qf3 Nbd7 34. Nxf5 Nxe5 35. dxe5 Nd7 36. Nd6 Nxe5 37. Qf4 Qxb2 38. Nxe8 Nxd3 39. Qe3 Qc1+ 40. Qxc1 Nxc1 41. Rxg7+ Kh8 42. Rb7 Ne2+ 43. Kg2 Nd4 44. Nf6 b5 45. Rh7# 1-0

[Event "Early-Titled-Tuesday-Blitz-May-07-2024"]
[Site "Chess.com"]
[Date "2024.05.07"]
[Round "10"]
[White "ErikRonka"]
[Black "Groetzi"]
[Result "0-1"]
[WhiteElo "2500"]
[BlackElo "2419"]
[TimeControl "180+1"]
[EndTime "10:03:04 PDT"]
[Termination "Groetzi won on time"]

1. d4 d5 2. Nc3 c6 3. Bg5 Bf5 4.
f3 Qa5 5. Qd2 Nf6 6. e4 dxe4 7.
fxe4 Bg6 8. O-O-O Nbd7 9. Nf3 e6 10. a3 Be7 11. Kb1 Rd8 12. e5 Nd5 13. Nxd5 Qxd5 14. Bxe7 Kxe7 15. Qg5+ f6 16. exf6+ gxf6 17. Qe3 Nb6 18.
Bd3 Nc4 19. Qe2 Bxd3 20. Qxd3 Qb5 21. Qc3 Rd5 22. Ka2 Nd6 23. Rhe1 Rg8 24. Rd2 Qc4+ 25. Qxc4 Nxc4 26. Rde2 e5 27. b3 Nd6 28. dxe5 fxe5 29. Nxe5 Kd8 30. Nd3 Kc7 31. g3 Rf8 32. Nf4 Rdf5 33.
Ne6+ Kd7 34. Nxf8+ Rxf8 35. Kb2 Kc7 36. Re7+ Kb6 37.
Rxh7 Rf2 38. h4 Nf5 39. h5 Nd4 40. Rc1 Rg2 0-1

[Event "Early-Titled-Tuesday-Blitz-May-07-2024"]
[Site "Chess.com"]
[Date "2024.05.07"]
[Round "10"]
[White "MikeWizard"]
[Black "Sofia_Blokhin"]
[Result "1-0"]
[WhiteElo "2061"]
[BlackElo "2251"]
[TimeControl "180+1"]
[EndTime "10:03:05 PDT"]
[Termination "MikeWizard won by resignation"]

1. d4 f5 2. Bg5 h6 3. Bh4 g5 4. e3 Nf6 5. Bg3 d6 6. h4 Rg8 7. hxg5 hxg5 8. Be2 Be6 9. Bh5+ Nxh5 10. Qxh5+ Bf7 11.
Qh7 Qd7 12. Nc3 Nc6 13. Nf3 e6 14. O-O-O O-O-O 15. a3 Rg7 16. Qh2 Be7 17. Qg1 g4 18. Nd2 Rgg8 19. Bh4 Bxh4 20. Rxh4 e5 21. d5 Ne7 22.
Nf1 c6 23. dxc6 bxc6 24. Ng3 d5 25. Qf1 Qb7 26. Rh7 Bg6 27. Rh6 d4 28. exd4 exd4 29.
Nce2 c5 30. Nf4 Bf7 31. Rh7 Rgf8 32. Qe1 Rd6 33. Qe5 Qc7 34. Nxf5 Nxf5 35. Qxf5+ Kb8 36. Re1 Rb6 37. Qe5 Qxe5 38. Rxe5 c4 39. Rf5 Rb7 40.
Ne6 Re8 41. Nc5 Rbe7 42. Na6+ Kb7 43. Rfxf7 Rxf7 44. Rxf7+ Kxa6 45. Rf4 Re1+ 46. Kd2 Rb1 47. Rxd4 Rxb2 48. Rxc4 Ra2 49. a4 Ka5 50. Rxg4 Rxa4 51. Rxa4+ Kxa4 52. g4 Kb4 53. g5 a5 54. g6 a4 55. g7 a3 56. g8=Q a2 57. Qxa2 1-0

[Event "Early-Titled-Tuesday-Blitz-May-07-2024"]
[Site "Chess.com"]
[Date "2024.05.07"]
[Round "10"]
[White "stratacticos"]
[Black "Alenzer"]
[Result "0-1"]
[WhiteElo "1852"]
[BlackElo "2215"]
[TimeControl "180+1"]
[EndTime "10:03:05 PDT"]
[Termination "Alenzer won on time"]

1. b4 c5 2. bxc5 e6 3. d4 Nf6 4. Nf3 b6 5. cxb6 axb6 6. g3 d5 7. Bg2 Bd6 8. O-O O-O 9. c4 Ba6 10. Nbd2 dxc4 11. Ne5 Bxe5 12. dxe5 Nd5 13. Ne4 Nd7 14.
Bg5 Qc7 15. f4 Ne3 16. Qe1 Nxf1 17. Qxf1 Rab8 18. Bf3 f6 19. exf6 gxf6 20. Bh6 Rf7 21. Qh3 Nc5 22. Nxc5 Qxc5+ 23. Kh1 Qd4 24. Rf1 f5 25. g4 Kh8 26. gxf5 exf5 27. Bh5 Qd5+ 28. Bf3 Qd4 29. Bh5 Bb7+ 30. Bf3 Bxf3+ 31. Qxf3 Qe4 32.
Qxe4 fxe4 33. f5 b5 34. f6 Rb6 35. Bg7+ Kg8 36. Rg1 Rxg7 37. Rxg7+ Kh8 38. Re7 c3 39. Rxe4 Kg8 40. Re8+ Kf7 41. Rc8 b4 42. a3 b3 43.
Rxc3 b2 0-1

[Event "Early-Titled-Tuesday-Blitz-May-07-2024"]
[Site "Chess.com"]
[Date "2024.05.07"]
[Round "10"]
[White "Juicy_Fork"]
[Black "jinbojinbo"]
[Result "0-1"]
[WhiteElo "2458"]
[BlackElo "2652"]
[TimeControl "180+1"]
[EndTime "10:03:06 PDT"]
[Termination "jinbojinbo won by resignation"]

1. e4 e5 2. Nf3 Nc6 3. Bb5 a6 4. Ba4 d6 5. O-O Bd7 6. c4 Nf6 7. Nc3 Be7 8. d4 exd4 9. Nxd4 Nxd4 10. Bxd7+ Qxd7 11. Qxd4 O-O 12. Bg5 Rfe8 13. Rad1 h6 14. Bh4 Qe6 15. Rfe1 Rad8 16. h3 c6 17. f4 Nh5 18. Bxe7 Qxe7 19. Qf2 Nf6 20. g4 b5 21.
e5 dxe5 22. Rxd8 Qxd8 23. fxe5 Nd7 24. Qd4 Qh4 25. Re3 Nxe5 26. Nd1 Rd8 27. Qxe5 Rxd1+ 28. Kg2 Rd2+ 29. Re2 Rxe2+ 30. Qxe2 Qf6 31. Qe8+ Kh7 32. Qe4+ g6 33. Qe2 bxc4 34. a4 Qd4 35. Kg3 c3 36. bxc3 Qxc3+ 37. Kg2 a5 38. Qf2 Kg7 39. h4 c5 40. g5 hxg5 41. hxg5 Qe5 42. Qh4 c4 43. Qxc4 Qxg5+ 44. Kf3 Qf5+ 45. Kg3 Qe5+ 46. Kf3 g5 47. Kg4 Qf4+ 48. Qxf4 gxf4 49. Kxf4 Kf6 50. Ke4 Ke6 51. Kd3 Kd5 52. Ke3 Kc4 53. Kf4 Kb4 54. Kf5 Kxa4 55.
Kf6 Kb3 56. Kxf7 a4 57. Ke6 a3 58. Kd5 a2 59. Kd4 a1=Q+ 60. Kc5 Qc3+ 61. Kb5 Qd4 62. Ka6 Kb4 0-1

[Event "Early-Titled-Tuesday-Blitz-May-07-2024"]
[Site "Chess.com"]
[Date "2024.05.07"]
[Round "10"]
[White "Fh2411"]
[Black "Casablanca"]
[Result "1-0"]
[WhiteElo "2561"]
[BlackElo "2708"]
[TimeControl "180+1"]
[EndTime "10:03:08 PDT"]
[Termination "Fh2411 won by resignation"]

1. d4 Nf6 2. Nf3 d5 3. Bf4 c6 4.
e3 Bf5 5. c4 e6 6. Nc3 Nbd7 7.
Qb3 Qb6 8. c5 Qxb3 9. axb3 a6 10. h3 h6 11. b4 Rc8 12. Nd2 Be7 13. Nb3 Bd8 14. Na5 Bxa5 15. bxa5 g5 16. Bd6 Kd8 17.
g4 Bg6 18. f3 Ne8 19. Bg3 f6 20. Kf2 e5 21. b4 Nc7 22. Na4 exd4 23. exd4 Ke7 24.
h4 Ne6 25. Ke3 Kf7 26. Bd3 Rce8 27. Bxg6+ Kxg6 28. h5+ Kf7 29. Kd3 f5 30. gxf5 Ng7 31. Nb6 Nf6 32. Be5 Nfxh5 33. Nd7 Re7 34. Rxh5 Rxd7 35.
Rah1 Nxh5 36. Bxh8 Ng3 37. Rxh6 Kg8 38. Be5 Nxf5 39.
Rh8+ Kf7 40. Rh7+ Ke6 41. Rh5 Ke7 42. Rxg5 Ke6 43. Rg6+ Ke7 44. Rf6 Ng7 45. Rd6 Rxd6 46. cxd6+ Kf7 47. Bxg7 Kxg7 48. d7 1-0

[Event "Early-Titled-Tuesday-Blitz-May-07-2024"]
[Site "Chess.com"]
[Date "2024.05.07"]
[Round "10"]
[White "Navyblue1"]
[Black "Denisenko_Denis"]
[Result "0-1"]
[WhiteElo "2232"]
[BlackElo "2391"]
[TimeControl "180+1"]
[EndTime "10:03:08 PDT"]
[Termination "Denisenko_Denis won by resignation"]

1. d4 d5 2. c4 c6 3. Nc3 Nf6 4. Bg5 Ne4 5. Bf4 Nxc3 6. bxc3 dxc4 7. e4 b5 8. Nf3 Bb7 9. Be2 e6 10. O-O Be7 11. Qd2 Nd7 12. Rfd1 O-O 13. Rab1 Qc8 14. Qe3 a6 15. Ne5 Nxe5 16. Bxe5 c5 17. d5 exd5 18. exd5 Re8 19. Qg3 Bf8 20. Bg4 Qd8 21. d6 f6 22. Bf4 Be4 23. d7 Re7 24. Bc7 Bxb1 25. Bxd8 Rxd8 26. Rxb1 g6 27. Rd1 Bg7 28. Qd6 Kf8 29.
h4 f5 30. Bf3 Be5 31. Qd5 Bxc3 32. Qxc5 Bf6 33. h5 Kg7 34. hxg6 hxg6 35. Bc6 Re5 36.
Qb6 c3 37. Rc1 Re2 38. Bf3 Rd2 39. g3 b4 40. Qxa6 Bd4 41. Rf1 c2 42. Qc4 Rxd7 43.
Bc6 Rc7 44. Kg2 Kf6 45. g4 fxg4 46. Kg3 Be5+ 47. Kg2 Rd6 48. Qxg4 Rcxc6 49. Qf3+ Kg7 50. Qe3 Bf6 51. Rc1 Rd5 52. Qf3 Rdc5 53. Qe4 Bg5 54. Rxc2 Rxc2 55. Qe8 Rc7 56. Qd7+ Rxd7 0-1

[Event "Early-Titled-Tuesday-Blitz-May-07-2024"]
[Site "Chess.com"]
[Date "2024.05.07"]
[Round "10"]
[White "NM_Antelacus"]
[Black "PonyQueen07"]
[Result "0-1"]
[WhiteElo "2241"]
[BlackElo "2148"]
[TimeControl "180+1"]
[EndTime "10:03:10 PDT"]
[Termination "PonyQueen07 won on time"]

1. e4 c5 2. Nf3 Nc6 3. Bb5 e5 4. O-O Bd6 5. d3 Nge7 6. Nbd2 Bc7 7. Nc4 Ng6 8. Ne3 d6 9. c3 O-O 10. d4 cxd4 11. cxd4 exd4 12. Nxd4 Nxd4 13. Qxd4 Bb6 14. Qd1 Be6 15. Be2 Nf4 16. Bg4 Bxg4 17. Qxg4 Ng6 18. Nd5 Bd4 19. Rb1 Qc8 20. Qxc8 Raxc8 21. Be3 Bxe3 22.
Nxe3 Nf4 23. g3 Ne2+ 24. Kg2 Rfd8 25. Rfe1 Nd4 26. Red1 Ne6 27. Rbc1 Rxc1 28. Rxc1 g6 29.
Nd5 Nc5 30. f3 Kg7 31. Kf1 Nd3 32. Rc2 Nc5 33. Ke2 Ne6 34. Ke3 b6 35. b4 Rd7 36. Rc8 Rb7 37. a4 a6 38. f4 a5 39.
b5 Nc5 40. Nc3 Re7 41. Kd4 Ne6+ 42. Kd5 Nc5 43. Rc6 f5 44. e5 dxe5 45. fxe5 Rd7+ 0-1

[Event "Early-Titled-Tuesday-Blitz-May-07-2024"]
[Site "Chess.com"]
[Date "2024.05.07"]
[Round "10"]
[White "vaishali2001"]
[Black "MathiasWomacka"]
[Result "1-0"]
[WhiteElo "2697"]
[BlackElo "2532"]
[TimeControl "180+1"]
[EndTime "10:03:12 PDT"]
[Termination "vaishali2001 won on time"]

1. e4 c5 2. Nf3 d6 3. d4 cxd4 4. Nxd4 Nf6 5. Nc3 a6 6. h3 e6 7. g4 b5 8. Bg2 Bb7 9. g5 Nfd7 10.
h4 Be7 11. Be3 Nb6 12. b3 N8d7 13. Nce2 Rc8 14. Ng3 d5 15. O-O O-O 16. Qh5 g6 17. Qd1 e5 18. Nde2 d4 19. Bd2 Qc7 20. Rc1 Nc5 21.
f4 exf4 22. Bxf4 Bd6 23. Bxd6 Qxd6 24. Qxd4 Qxd4+ 25. Nxd4 Nbd7 26. Rcd1 Ne5 27. Nde2 Ne6 28. Rd2 Ng4 29. Bh3 Ne3 30. Rxf7 Kxf7 31. Rd7+ Ke8 32.
Bxe6 Bc6 33. Rxh7 Rd8 34. h5 Rd6 35. Bh3 Rd1+ 36. Nf1 Nxf1 37. hxg6 Ne3+ 38. Kh2 Rd2 39. g7 Rxe2+ 40. Kg3 Rg8 41. Be6 Bd5 42. exd5 Nxd5 43.
Bxd5 Rxc2 44. Bxg8 Rc3+ 45. Kg4 Ke7 46. Bd5 1-0

[Event "Early-Titled-Tuesday-Blitz-May-07-2024"]
[Site "Chess.com"]
[Date "2024.05.07"]
[Round "10"]
[White "vugarrasulov"]
[Black "GMSrinath"]
[Result "1-0"]
[WhiteElo "2986"]
[BlackElo "2845"]
[TimeControl "180+1"]
[EndTime "10:03:13 PDT"]
[Termination "vugarrasulov won by resignation"]

1. e4 c5 2. Nf3 d6 3. c3 Nf6 4. Be2 g6 5. O-O Bg7 6. Bb5+ Bd7 7. Bxd7+ Nbxd7 8. Re1 O-O 9. d4 Rc8 10. h3 cxd4 11. cxd4 d5 12. e5 Ne4 13. Nbd2 Nxd2 14. Bxd2 Nb8 15. h4 Nc6 16. h5 e6 17. Rc1 f6 18. hxg6 hxg6 19. exf6 Qxf6 20. Bc3 Rce8 21.
Rc2 Qf5 22. Rce2 Qg4 23. Re3 Bh6 24. Rd3 Bg7 25. b4 a6 26. a4 Rf5 27. b5 axb5 28. axb5 Na7 29. Qa4 Nc8 30. Nh2 Qh4 31. Rf3 Nd6 32.
b6 Qd8 33. Rxf5 gxf5 34. Nf3 Qxb6 35. Bd2 Qb5 36. Qa3 Ne4 37. Bf4 Rc8 38. Be5 Bf8 39. Qe3 Qb2 40. Rf1 Kh7 41. Ng5+ Kg6 42. Nxe6 Bh6 43.
Nf4+ Kf7 44. Qh3 Bxf4 45. Qxf5+ Ke7 46. Qxc8 Bxe5 47. dxe5 b5 48. e6 Nf6 49. Re1 Ne4 50. Qd7+ Kf6 51. Qf7+ Ke5 52. Qg7+ 1-0

[Event "Early-Titled-Tuesday-Blitz-May-07-2024"]
[Site "Chess.com"]
[Date "2024.05.07"]
[Round "10"]
[White "BogdanDeac"]
[Black "Polish_fighter3000"]
[Result "1/2-1/2"]
[WhiteElo "3119"]
[BlackElo "3116"]
[TimeControl "180+1"]
[EndTime "10:03:14 PDT"]
[Termination "Game drawn - insufficient material"]

1. e4 c6 2. Nf3 d5 3. Nc3 dxe4 4. Nxe4 Nf6 5. Qe2 Nxe4 6. Qxe4 Nd7 7. d4 Nf6 8. Qf4 Qa5+ 9. Bd2 Qf5 10. Bd3 Qxf4 11.
Bxf4 Bg4 12. Ne5 Bh5 13. f3 e6 14. O-O-O Bg6 15. c4 Be7 16. Rhe1 a5 17. g4 Bxd3 18. Rxd3 O-O 19. Rb3 Ra7 20. a4 Rd8 21. Be3 Bb4 22.
Rd1 Raa8 23. Nd3 b5 24. Nxb4 bxc4 25. Nxc6 cxb3 26. Nxd8 Rxd8 27. Rd3 Rb8 28. Bd2 h6 29. Bxa5 Ra8 30. Bd2 Rxa4 31. Rxb3 Nd5 32. Kc2 Rxd4 33.
Rb8+ Kh7 34. b3 h5 35. h3 hxg4 36. hxg4 f5 37. gxf5 exf5 38. Rb5 f4 39. Rc5 g5 40. Rc4 Rxc4+ 41. bxc4 Ne7 42. Kd3 Kg6 43. Ke4 Kf6 44. Bb4 Nf5 45. Bc3+ Ke6 46. Be1 Ne3 47. Kd3 g4 48.
fxg4 Nxg4 49. Ke4 f3 50. Kxf3 Ne5+ 51. Ke4 Nxc4 1/2-1/2

[Event "Early-Titled-Tuesday-Blitz-May-07-2024"]
[Site "Chess.com"]
[Date "2024.05.07"]
[Round "10"]
[White "bazar-wokzal"]
[Black "Strong_Prodigy"]
[Result "1-0"]
[WhiteElo "2587"]
[BlackElo "2490"]
[TimeControl "180+1"]
[EndTime "10:03:15 PDT"]
[Termination "bazar-wokzal won by checkmate"]

1. e4 e5 2. Bc4 Nc6 3. f4 exf4 4. d4 Qh4+ 5. Kf1 d5 6. Bxd5 Bg4 7. Qd3 Nge7 8. Bxf4 O-O-O 9. Nc3 Nb4 10. Qc4 Nexd5 11. exd5 Bd6 12. Bxd6 Rxd6 13. Ne4 Rxd5 14. Nf3 Bxf3 15.
gxf3 Qf4 16. Kg2 f5 17. Nf2 Qg5+ 18. Kf1 Rhd8 19. Qxb4 Rxd4 20. Qe1 Qf4 21. Kg2 R4d6 22. Rg1 Rg6+ 23. Kf1 Qxf3 24. Rxg6 hxg6 25. Rd1 Rf8 26. Qe6+ Kb8 27. Qe7 Rc8 28. Rd8 Qc6 29. Rxc8+ Kxc8 30. Qf8+ Kd7 31. Qxg7+ Kc8 32. Qg8+ Kd7 33. Qf7+ Kc8 34.
c3 Qf3 35. Qg8+ Kd7 36. Qf7+ Kd6 37. Qxg6+ Kc5 38. Qg5 Kc4 39. Qd2 Kc5 40. Qd4+ Kc6 41. Qc4+ Kb6 42. Qd4+ c5 43. Qd6+ Ka5 44. Qxc5+ b5 45.
Qxa7# 1-0

[Event "Early-Titled-Tuesday-Blitz-May-07-2024"]
[Site "Chess.com"]
[Date "2024.05.07"]
[Round "10"]
[White "Silvederione"]
[Black "RodTwinkz"]
[Result "0-1"]
[WhiteElo "2510"]
[BlackElo "2681"]
[TimeControl "180+1"]
[EndTime "10:03:18 PDT"]
[Termination "RodTwinkz won on time"]

1. d4 Nf6 2. Nc3 d5 3. Bf4 a6 4. e3 g6 5. h4 h5 6. Nf3 Bg7 7. Ne5 Ng4 8. Nxg4 Bxg4 9. Be2 Bf5 10. Bd3 e6 11. Bxf5 gxf5 12. Qd3 Nd7 13. O-O-O c5 14. f3 Qa5 15. Kb1 Rc8 16. Ne2 c4 17.
Qd2 Qxd2 18. Rxd2 b5 19. c3 a5 20. Ng3 Bf6 21. e4 fxe4 22. fxe4 Nb6 23. Re2 Kd7 24. Rf2 Be7 25. Be5 Rh7 26. Bf6 Rg8 27. Be5 f6 28.
Bf4 Rg4 29. Rh3 b4 30. Kc2 a4 31. Bd2 b3+ 32. axb3 cxb3+ 33. Kd1 Nc4 34. Bc1 dxe4 35.
Re2 f5 36. Rf2 Bxh4 37. Bf4 Rhg7 38. Nxh5 Bxf2 39. Nf6+ Kc6 40. Nxg4 Rxg4 41. Bh2 Rxg2 42. Rh7 Ne3+ 43. Kc1 Be1 44. Rh6 Kd5 45. Rh5 Kc4 46.
Rh3 Bd2+ 0-1

[Event "Early-Titled-Tuesday-Blitz-May-07-2024"]
[Site "Chess.com"]
[Date "2024.05.07"]
[Round "10"]
[White "LamaChampetre"]
[Black "StelaSfw"]
[Result "1-0"]
[WhiteElo "2183"]
[BlackElo "1644"]
[TimeControl "180+1"]
[EndTime "10:03:21 PDT"]
[Termination "LamaChampetre won by resignation"]

1. d4 Nf6 2. c4 e6 3. Nf3 Bb4+ 4. Nc3 Bxc3+ 5. bxc3 O-O 6. Qc2 c6 7. e4 h6 8. e5 Ne8 9. Bd3 d6 10. h4 dxe5 11.
dxe5 Nd7 12. Be3 b6 13. Rd1 Qe7 14. Bg5 f6 15. exf6 Nexf6 16. Be3 Ng4 17. Bd4 e5 18. Be3 Nxe3 19. fxe3 Nc5 20. Bg6 Bg4 21. Be4 Nxe4 22. Qxe4 Bxf3 23. gxf3 Rac8 24. Rg1 Qf6 25. Rd7 Rf7 26.
Rxf7 Kxf7 27. h5 Rc7 28. Rg6 Qe7 29. Qf5+ Kg8 30. Re6 Qh4+ 31. Ke2 Qh2+ 32. Kd3 Rd7+ 33. Ke4 Qh4+ 34. Kxe5 Re7 35. Rxe7 Qxe7+ 36. Qe6+ Kf8 37.
f4 c5 38. Qxe7+ Kxe7 39. f5 a6 40. e4 b5 41. cxb5 axb5 42. Kd5 b4 43. cxb4 c4 44.
Kxc4 Kf6 45. b5 Kg5 46. b6 Kxh5 47. b7 Kg4 48. b8=Q h5 49. Qd6 h4 50. Qg6+ Kh3 51. Qxg7 Kh2 52. Qh7 h3 53. Qxh3+ Kxh3 54. f6 Kg3 55. f7 Kf4 56. f8=Q+ Kxe4 57. Qc5 1-0

[Event "Early-Titled-Tuesday-Blitz-May-07-2024"]
[Site "Chess.com"]
[Date "2024.05.07"]
[Round "10"]
[White "Byniolus"]
[Black "DrVelja"]
[Result "0-1"]
[WhiteElo "2821"]
[BlackElo "2976"]
[TimeControl "180+1"]
[EndTime "10:03:23 PDT"]
[Termination "DrVelja won by resignation"]

1. d4 Nf6 2. Nf3 g6 3. Bf4 Bg7 4. e3 O-O 5. Be2 d6 6. h3 b6 7. O-O Bb7 8. a4 a6 9. c3 Nbd7 10. Bh2 Ne4 11. Nbd2 Nxd2 12. Nxd2 e5 13. Bf3 Qc8 14. Qb3 h6 15. Rfd1 Kh7 16. Rac1 f5 17. Bxb7 Qxb7 18. Nf3 Rae8 19. a5 e4 20. Nd2 g5 21. axb6 f4 22. bxc7 Qxc7 23. Ra1 a5 24.
Qd5 Nb6 25. Qxa5 d5 26. Qc5 Qb7 27. Qb5 Re6 28. c4 Qf7 29. cxd5 Rg6 30. Nxe4 Nxd5 31. exf4 gxf4 32. Ra5 Rd8 33. Qd3 f3 34. Bg3 fxg2 35.
Nd6 Qe6 36. Qf3 Qxh3 37. Qxg2 Qxg2+ 38. Kxg2 Rdxd6 39. Ra7 Rb6 40. Rc1 Rxb2 41. Rc5 Nf4+ 42. Kf3 Ne6 43. Rd5 Rb3+ 44. Ke2 Kg8 45. Be5 Bxe5 46.
Rxe5 Rb8 47. d5 Ng7 48. Ree7 Re8 49. Kd3 Rxe7 50. Rxe7 h5 51. Kd4 h4 52. Re3 Nf5+ 53.
Kc5 Nxe3 54. fxe3 h3 0-1

[Event "Early-Titled-Tuesday-Blitz-May-07-2024"]
[Site "Chess.com"]
[Date "2024.05.07"]
[Round "10"]
[White "TitarovVasiliYouTube"]
[Black "PenguinPacks"]
[Result "1-0"]
[WhiteElo "2626"]
[BlackElo "2487"]
[TimeControl "180+1"]
[EndTime "10:03:23 PDT"]
[Termination "TitarovVasiliYouTube won by resignation"]

1. c4 Nf6 2. e3 g6 3. Nf3 Bg7 4. Nc3 O-O 5. Qc2 d6 6. b3 e5 7. Bb2 Nc6 8. Be2 Bf5 9. d3 Re8 10. O-O e4 11. dxe4 Nxe4 12. Nxe4 Bxe4 13. Qc1 Ne5 14. Nxe5 dxe5 15. f3 Bc6 16. e4 Qh4 17.
Qe1 Qg5 18. Qc1 Qh4 19. Qe3 Rad8 20. Rfd1 Bh6 21. Qf2 Qf6 22. Qxa7 Bf4 23. Qf2 Qg5 24.
Kh1 Qh6 25. g3 Be3 26. Qg2 f5 27. Bd3 Bb6 28. Qe2 Qh5 29. Bc2 Rd4 30. Bxd4 exd4 31.
Re1 d3 32. Bxd3 Qh3 33. Qg2 Qh5 34. Rad1 Qg5 35. Bb1 Ba5 36. Re2 Qf6 37. exf5 Rf8 38. Be4 gxf5 39. Bxc6 Qxc6 40. f4 Qa6 41. Qd5+ Kh8 42.
Qe5+ Kg8 43. Qe6+ Kh8 44. Qxa6 bxa6 45. Re5 Bb6 46. c5 Ba5 47. Rd7 Bc3 48. Ree7 a5 49.
Rxc7 a4 50. bxa4 Rb8 51. Rb7 Rc8 52. c6 Bf6 53. Rf7 1-0